 Dungeon Crawl Stone Soup version 0.21.1-1-g345015f (webtiles) character file.

67 HEYYEYAAE the Skirmisher (level 3, -1/23 HPs)
             Began as a Deep Elf Chaos Knight on Feb 10, 2018.
             Slain by an orange demon (12 damage)
             ... summoned by the capriciousness of Xom
             ... on level 2 of the Dungeon.
             The game lasted 00:01:09 (1040 turns).

HEYYEYAAE the Skirmisher (Deep Elf Chaos Knight)    Turns: 1040, Time: 00:01:10

Health: -1/23      AC:  9    Str:  9    XL:     3   Next: 98%
Magic:  5/5        EV:  4    Int: 17    God:    Xom [..*...]
Gold:   140        SH:  0    Dex: 14    Spells: 2/2 levels left

rFire    . . .     SeeInvis .   a - +0 spear (chaos)
rCold    . . .     Gourm    .   (no shield)
rNeg     . . .     Faith    .   h - +0 chain mail
rPois    .         Spirit   .   (no helmet)
rElec    .         Reflect  .   (no cloak)
rCorr    .         Harm     +   r - +0 pair of gloves
MR       .....                  (no boots)
Stlth    ..........             f - amulet of harm
HPRegen  0.07/turn              (no ring)
MPRegen  0.09/turn              (no ring)

@: no status effects
A: no striking features
a: Renounce Religion


You were on level 2 of the Dungeon.
You worshipped Xom.
You were a toy of Xom.
You were hungry.

You visited 1 branch of the dungeon, and saw 2 of its levels.

You collected 140 gold pieces.

Inventory:

Hand Weapons
 a - a +0 spear of chaos (weapon)
Armour
 b - a +2 leather armour
 h - a +0 chain mail (worn)
 r - a +0 pair of gloves (worn)
Jewellery
 f - an amulet of harm (around neck)
 i - an uncursed ring of protection from magic {unknown}
Scrolls
 d - 2 scrolls of immolation {unknown}
 k - a scroll of identify {unknown}
 l - a scroll of fog {unknown}
 m - a scroll of teleportation {unknown}
 o - a scroll of random uselessness {unknown}
 p - a scroll of remove curse {unknown}
 q - a scroll of enchant armour {unknown}
Potions
 e - a potion of ambrosia {unknown}
 g - a potion of curing {unknown}
 j - a potion of haste {unknown}
 n - a potion of heal wounds {unknown}
Comestibles
 c - 4 rations


   Skills:
 * Level 3.3 Fighting
 - Level 2.1 Polearms
 + Level 1.6 Armour
 + Level 3.2 Dodging


You had 2 spell levels left.
You didn't know any spells.

Dungeon Overview and Level Annotations

Branches:
Dungeon (2/15)

Altars:


Message History

You are feeling hungry.
You continue putting on your pair of gloves.
Xom's power touches on you for a moment.
Something forms from out of thin air!
You continue putting on your pair of gloves.
The orange demon barely misses you. The orange demon hits you.
You finish putting on your +0 pair of gloves.
Unknown command.
Unknown command.
Unknown command.
Unknown command.
You hit the orange demon. You freeze the orange demon.
The orange demon is lightly wounded.
The orange demon stings you. The orange demon hits you.
Your chain mail prevents you from hitting the orange demon.
The orange demon is lightly wounded.
The orange demon stings you!
Ouch! That really hurt!
You die... "Boring in life, boring in death..."

##...... #......
#....... #.......
#....... ########
#####
#################
#....
#.........4@....#
#....
#.#############.#
#.... #.####
#.########....
#....#
#.............
####.#
#............. .#
#............. .#
#............. ..
#............. ..
##########....


You could see an orange demon.

Vanquished Creatures
  2 adders (D:2)
  An ooze (D:2)
  4 dart slugs (D:1)
  2 giant cockroaches (D:1)
  6 goblins
  5 hobgoblins
  4 jackals (D:1)
  4 bats
  3 frilled lizards (D:1)
  3 rats (D:1)
34 creatures vanquished.

Notes
Turn   | Place    | Note
-------+----------+-------------------------------------------
     0 | D:1      | HEYYEYAAE the Deep Elf Chaos Knight began the quest for the Orb.
     0 | D:1      | Reached XP level 1. HP: 13/13 MP: 3/3
    47 | D:1      | Reached skill level 1 in Armour
    51 | D:1      | Reached XP level 2. HP: 15/18 MP: 4/4
    79 | D:1      | XOM: harmless Tmut miscast
   357 | D:1      | XOM: harmless Tloc miscast
   416 | D:1      | Reached XP level 3. HP: 23/23 MP: 5/5
   494 | D:1      | XOM: silly message
   684 | D:2      | XOM: cloud trail
   696 | D:2      | XOM: harmless Tloc miscast
   752 | D:2      | XOM: harmless Tmut miscast
  1037 | D:2      | XOM: medium Summ miscast
  1038 | D:2      | Noticed an orange demon
  1040 | D:2      | Slain by an orange demon

Skill      XL: |  1  2 |
---------------+-------+-----
Armour         | 1 |  1.6
Fighting       | 3 |  3.3
Dodging        | 3 |  3.2
Polearms       | |  2.1

Action                   || total
-------------------------++-------
Melee: Spear             ||   101
 Stab: Paralysed         ||     4
Armor: Leather armour    ||     3
       Chain mail        ||    34
Dodge: Dodged            ||    17
